 Dungeon Crawl Stone Soup version 0.31-a0-986-g5e6e4ef867 (webtiles) character file.

Game seed: 7441334830591624573

107 Dittersdorf the Shield-Bearer (level 4, -3/29 HPs)
             Began as a Gargoyle Fighter on Nov 3, 2023.
             Slain by an ogre
             ... wielding a +0 giant club
              (16 damage)
             ... on level 3 of the Dungeon.
             The game lasted 00:01:50 (1772 turns).

Dittersdorf the Shield-Bearer (Gargoyle Fighter)    Turns: 1772, Time: 00:01:50

Health: -3/29      AC:  9    Str: 22    XL:     4   Next: 85%
Magic:  4/4        EV: 10    Int: 14    God:
Gold:   107        SH:  4    Dex:  9    Spells: 3/3 levels left

rFire   . . .        a - +0 flail
rCold   + . .        c - +0 buckler
rNeg    + . .        n - +0 ring mail of Daludd {rC+ Slay+3}
rPois   ∞            (no helmet)
rElec   +            (no cloak)
rCorr   .            (no gloves)
SInv    .            (no boots)
Will    .....        (no amulet) Stlth
                     e - +6 ring of intelligence
HPRegen 0.24/turn    (no ring)
MPRegen 0.09/turn

%: no passive effects
@: no status effects
A: sickness immunity, AC +3, negative energy resistance 1, electricity
resistance, torment resistance 1, petrification resistance
a: no special abilities


You were on level 3 of the Dungeon.
You visited 1 branch of the dungeon, and saw 3 of its levels.

You collected 107 gold pieces.

Inventory:

Hand Weapons
 a - a +0 flail (weapon)
Armour
 c - a +0 buckler (worn)
 m - a +0 plate armour
 n - the +0 ring mail of Daludd (worn) {rC+ Slay+3}
   (You found it on level 2 of the Dungeon)

   Slay+3:    It affects your accuracy & damage with ranged weapons and melee
   (+3).
   rC+:       It protects you from cold.
Jewellery
 b - a ring of wizardry
 e - a +6 ring of intelligence (left hand)
Scrolls
 f - 3 scrolls of identify {unknown}
 g - a scroll of silence {unknown}
 h - a scroll of blinking {unknown}
 i - 3 scrolls of fear {unknown}
 k - a scroll of teleportation {unknown}
 l - a scroll of immolation {unknown}
 o - a scroll of revelation {unknown}
Potions
 d - 2 potions of might
 j - a potion of brilliance {unknown}
 p - a potion of mutation {unknown}


   Skills:
 + Level 4.1 Fighting
 + Level 2.9 Maces & Flails
 + Level 4.1 Armour
 + Level 4.1 Shields


You had 3 spell levels left.
You didn't know any spells.
Your spell library contained the following spells:

 Spells                   Type           Power      Damage    Failure   Level
 Tukima's Dance           Hex            0%         N/A       86%         3
 Dimensional Bullseye     Hex/Tloc       0%         N/A       99%         4
 Iskenderun's Mystic Bla  Conj/Tloc      0%         2d3       99%         4


Dungeon Overview and Level Annotations

Branches:
Dungeon (3/15)

Altars:
Cheibriados
Kikubaaqudgha


Innate Abilities, Weirdness & Mutations

You are immune to sickness and miasma.
Your stone body is resilient. (AC +3)
You are immune to poison.
You resist negative energy. (rN+)
You are resistant to electric shocks. (rElec)
You are resistant to unholy torment.
You are immune to petrification.


Message History

Your Armour skill increases to level 4!
Your Shields skill increases to level 4!
You closely miss the frilled lizard. The frilled lizard barely misses you.
You hit the frilled lizard.
You kill the frilled lizard!
Ijyb hits you but does no damage.
You hit Ijyb.
Ijyb is lightly wounded.
You block Ijyb's attack.
You hit Ijyb.
Ijyb is moderately wounded.
Ijyb hits you with a +0 dagger.
You hit Ijyb but do no damage.
Ijyb is moderately wounded.
Ijyb hits you but does no damage. Ijyb closely misses you.
You closely miss Ijyb.
Ijyb is moderately wounded.
Ijyb hits you with a +0 dagger.
You hit Ijyb.
Ijyb is moderately wounded.
Ijyb closely misses you.
You sock Ijyb!
Ijyb is almost dead.
Ijyb misses you.
You sock Ijyb!
You kill Ijyb!
The ogre hits you but does no damage.
You hit the ogre.
The ogre is lightly wounded.
The ogre closely misses you.
You hit the ogre.
The ogre is moderately wounded.
You sock the ogre!
The ogre is severely wounded.
The ogre hits you with a +0 giant club!
You hit the ogre.
The ogre is severely wounded.
The ogre hits you with a +0 giant club!
Ouch! That really hurt!
You die...

..............#
#######.####### ## #.# #.
##†## ##. ##...## #.. #
##.....## #.. ##.
##.......## #..
###...####.........####..
.......O@'...............
###...####..........###..
##. ##.......#.# #.. #
##.....##.# #.# ##...##
.###.. ##+## ...... #.#
###### #.########
#####........#


You could see an ogre.

Vanquished Creatures
  Ijyb (D:3)
  3 gnolls (D:3)
  2 adders
  A worm (D:2)
  An orc (D:3)
  2 bats (D:1)
  An endoplasm (D:3)
  2 giant cockroaches
  4 goblins
  3 hobgoblins
  2 kobolds (D:2)
  A quokka (D:1)
  4 ball pythons (D:1)
  4 frilled lizards
  2 rats (D:1)
33 creatures vanquished.

Notes
Turn   | Place    | Note
-------+----------+-------------------------------------------
     0 | D:1      | Dittersdorf the Gargoyle Fighter began the quest for the
                  | Orb.
     0 | D:1      | Reached XP level 1. HP: 14/14 MP: 1/1
   173 | D:1      | Reached XP level 2. HP: 19/19 MP: 2/2
   704 | D:2      | Reached XP level 3. HP: 21/23 MP: 3/3
   709 | D:2      | Found a snail-covered altar of Cheibriados.
  1282 | D:2      | Identified the +0 ring mail of Daludd {rC+ Slay+3}
  1595 | D:3      | Found an ancient bone altar of Kikubaaqudgha.
  1754 | D:3      | Reached XP level 4. HP: 22/29 MP: 4/4
  1754 | D:3      | Noticed Ijyb
  1754 | D:3      | Noticed an ogre
  1768 | D:3      | Killed Ijyb
  1772 | D:3      | Slain by an ogre

Illustrated notes

Levels and vault maps discovered:
D:1:      minmay_arrival_doors, layout_rooms, serial_forest,
          infiniplex_forest_clump_large, infiniplex_forest_clump_curved,
          infiniplex_forest_join, infiniplex_forest_clump_medium,
          infiniplex_forest_lined_room_, infiniplex_forest_zigzag_2,
          infiniplex_forest_corner_2
D:2:      layout_basic, basic_altar, chequers_serial_rivers_marsh
D:3:      layout_loops_corners, overflow_temple_1_default, uniq_ijyb,
          uniq_jessica

Skill      XL: |  1  2  3  4 |
---------------+-------------+-----
Fighting       | 4 |  4.1
Armour         | 4 |  4.1
Shields        | 4 |  4.1
Maces & Flails | |  2.9

Action                     |  1- 3 |  4- 6 || total
---------------------------+-------+-------++-------
  Melee: Flail             |    78 |    18 ||    96
 Armour: Scale mail        |    27 |       ||    27
         Ring mail         |    10 |     8 ||    18
         Chain mail        |     7 |       ||     7
  Dodge: Dodged            |    29 |     7 ||    36
  Block: Buckler           |    14 |     3 ||    17

Table legend: (Time is in decaauts)
 A = Elapsed time spent in this place.
 B = Non-inter-level travel time spent in this place.
 C = Inter-level travel time spent in this place.
 D = Time resting spent in this place.
 E = Time spent auto-exploring this place.
 F = Levels seen in this place.
 G = Mean time per level.
                   A        B        C        D        E       F      G
               +--------+--------+--------+--------+--------+-----+--------+
         Total |   1805 |   1701 |    104 |      0 |   1417 |   3 |  601.7 |
       Dungeon |   1805 |   1701 |    104 |      0 |   1417 |   3 |  601.7 |
               +--------+--------+--------+--------+--------+-----+--------+

Top non-repeatable levels by time:
     D:2: 792 daAuts
     D:1: 689 daAuts
     D:3: 323 daAuts
